 Dungeon Crawl Stone Soup version 0.32-a0-768-g0f6f1dd4b9 (webtiles) character file.

Game seed: 5715547448712126417

9 Xavori the Trooper (level 2, 0/25 HPs)
             Began as a Djinni Chaos Knight on Mar 19, 2024.
             Was a Plaything of Xom.
             Constricted to death by a ball python (1 damage)
             ... on level 1 of the Dungeon.
             The game lasted 00:00:12 (257 turns).

Xavori the Trooper (Djinni Chaos Knight)             Turns: 257, Time: 00:00:13

Health: 0/25       AC:  5    Str: 11    XL:     2   Next: 25%
Gold:   11         EV:  1    Int: 13    God:    Xom [..*...] SH:  0 Dex: 12

rFire   + + .        a - +0 falchion (chaos)
rCold   x . .        (no shield)
rNeg    . . .        b - +2 leather armour
rPois   ∞            (no helmet)
rElec   .            (no cloak)
rCorr   .            (no gloves)
SInv    .            (boots unavailable)
Will    .....        (no amulet)
Stlth   +            (no ring)
HPRegen 0.24/turn    (no ring)
MPRegen 0.00/turn

%: infuse magic (-1 HP)
@: flying, constricted
A: sickness immunity, fire resistance 2, cold vulnerability 1, float, innate
caster, HP casting, extra vitality 1
a: Renounce Religion


You were on level 1 of the Dungeon.
You worshipped Xom.
You were a toy of Xom.
You visited 1 branch of the dungeon, and saw 1 of its levels.

You collected 11 gold pieces.

Inventory:

Hand Weapons
 a - a +0 falchion of chaos (weapon)
Armour
 b - a +2 leather armour (worn)
Scrolls
 c - a scroll of butterflies
 d - a scroll of identify {unknown}
 e - a scroll of vulnerability {unknown}
 f - a scroll of amnesia {unknown}


   Skills:
 + Level 3.1 Fighting
 + Level 2.8 Long Blades
 + Level 1.2 Armour
 + Level 2.3 Dodging
 * Level 0.5 Spellcasting
 * Level 0.5 Conjurations
 * Level 0.5 Hexes
   Level 0.0 Charms
 * Level 0.5 Summonings
 * Level 0.5 Necromancy
 * Level 0.5 Translocations
   Level 0.0 Transmutations
 * Level 0.5 Fire Magic
 * Level 0.5 Ice Magic
 * Level 0.5 Air Magic
 * Level 0.5 Earth Magic
 * Level 0.5 Alchemy You didn't know any spells. Your spell library was empty.

Dungeon Overview and Level Annotations

Branches:
Dungeon (1/15)

Altars:


Innate Abilities, Weirdness & Mutations

You are immune to sickness and miasma.
You are immune to poison.
Your flesh is very heat resistant. (rF++)
You are vulnerable to cold. (rC-)
You float through the air rather than walking.
You learn spells naturally, not from books.
Your magical power is your life essence.
You have superior vitality. (+4 MHP)


Message History

The ball python bites you but does no damage. x2
The ball python constricts you. The endoplasm completely misses you.
The ball python completely misses you.
The quokka bites you but does no damage.
The ball python bites you but does no damage.
The ball python constricts you.
You barely miss the ball python. The endoplasm hits you.
The ball python bites you but does no damage.
The quokka bites you.
The ball python bites you but does no damage.
The ball python constricts you.
Unknown command.
You completely miss the ball python. The ball python completely misses you.
The quokka bites you. The endoplasm hits you.
The ball python bites you but does no damage.
The ball python constricts you. The quokka bites you.
The ball python bites you but does no damage.
Unknown command.
You are too injured to fight recklessly!
Unknown command.
You are too injured to fight recklessly!
You are too injured to fight recklessly!
Unknown command.
The ball python's grasp on you weakens, but your attempt to escape fails.
The ball python bites you but does no damage.
The ball python constricts you.
The endoplasm hits you but does no damage.
The quokka barely misses you. The ball python bites you.
* * * LOW HITPOINT WARNING * * *
The ball python's grasp on you weakens, but your attempt to escape fails.
The ball python bites you but does no damage.
The ball python constricts you. The endoplasm freezes you.
You are frozen.
You feel a terrible chill!
* * * LOW HITPOINT WARNING * * *
The quokka bites you but does no damage.
The ball python bites you but does no damage. x2
The ball python constricts you.
You die...
Xom howls with laughter!

.######## ........# ...
#%#####.### ...
#.#####...# ..
.....####.# .. ##
#.##..###.# .## ..#
#.........# ..#..##
######.#### ##J.....#
.....#.# ######@S..#
#...<#.# #.....Sr.##
.....#.## #.......##
######..###........#
....................#
....................?.
...................#..#
..................###..
................... .#


You could see an endoplasm, a quokka and 2 ball pythons.

Vanquished Creatures
  A ball python (D:1)
  An endoplasm (D:1)
  4 jackals (D:1)
  A bat (D:1)
  A kobold (D:1)
8 creatures vanquished.

Notes
Turn   | Place    | Note
-------+----------+-------------------------------------------
     0 | D:1      | Xavori the Djinni Chaos Knight began the quest for the Orb.
     0 | D:1      | Reached XP level 1. HP: 20/20 MP: 0/0
    62 | D:1      | Reached XP level 2. HP: 10/25 MP: 0/0
   257 | D:1      | HP: 1/25 [frozen (6)]
   257 | D:1      | Constricted to death by a ball python

Illustrated notes

Levels and vault maps discovered:
D:1:      wheals_arrival_shading, layout_basic,
          nicolae_ecumenical_snake_handling

Action                     || total
---------------------------++-------
  Melee: Falchion          ||    35
 Armour: Leather armour    ||    61
  Dodge: Dodged            ||    46

Table legend: (Time is in decaauts)
 A = Elapsed time spent in this place.
 B = Non-inter-level travel time spent in this place.
 C = Inter-level travel time spent in this place.
 D = Time resting spent in this place.
 E = Time spent auto-exploring this place.
 F = Levels seen in this place.
 G = Mean time per level.
                   A        B        C        D        E       F      G
               +--------+--------+--------+--------+--------+-----+--------+
         Total |    262 |    262 |      0 |     61 |    139 |   1 |  262.0 |
       Dungeon |    262 |    262 |      0 |     61 |    139 |   1 |  262.0 |
               +--------+--------+--------+--------+--------+-----+--------+

Top non-repeatable levels by time:
     D:1: 262 daAuts
